 Dungeon Crawl Stone Soup version 0.29.1-12-g30fa7ad0bf (webtiles) character file.

Game seed: 6284613533129588365

851 safid the Skirmisher (level 7, -2/67 HPs)
             Began as a Minotaur Hunter on Dec 13, 2022.
             Slain by an ogre
             ... wielding a +0 giant spiked club
              (21 damage)
             ... on level 5 of the Dungeon.
             The game lasted 00:04:39 (4045 turns).

safid the Skirmisher (Minotaur Hunter)              Turns: 4045, Time: 00:04:39

Health: -2/67      AC:  6    Str: 15    XL:     7   Next: 69%
Magic:  6/6        EV:  5    Int:  6    God:
Gold:   216        SH:  0    Dex: 16    Spells: 6/6 levels left

rFire   . . .      SeeInvis .   a - +0 shortbow
rCold   . . .      Faith    .   (shield currently unavailable)
rNeg    . . .      Spirit   .   j - +0 scale mail
rPois   .          Reflect  .   (helmet restricted)
rElec   .          Harm     .   (no cloak)
rCorr   .          Rampage  .   (no gloves)
Will    .....                   (no boots)
Stlth   ..........              (no amulet)
HPRegen 0.21/turn               (no ring)
MPRegen 0.10/turn               (no ring)

@: held
A: horns 2, retaliatory headbutt
a: no special abilities


You were on level 5 of the Dungeon.
You visited 1 branch of the dungeon, and saw 5 of its levels.

You collected 238 gold pieces.
You spent 22 gold pieces at shops.

Inventory:

Hand Weapons
 a - a +0 shortbow (weapon)
Missiles
 p - a throwing net
Armour
 j - a +0 scale mail (worn)
Wands
 c - a wand of quicksilver (2)
 v - a wand of flame (37)
Scrolls
 b - a scroll of noise {unknown}
 f - 4 scrolls of enchant armour {unknown}
 g - 6 scrolls of identify
 i - a scroll of summoning {unknown}
 s - a scroll of magic mapping {unknown}
 t - a scroll of acquirement {unknown}
 u - a scroll of teleportation {unknown}
 w - a scroll of poison {unknown}
Potions
 d - 2 potions of flight {unknown}
 e - 2 potions of lignification {unknown}
 h - a potion of curing {unknown}
 k - a potion of haste {unknown}
 l - a potion of resistance {unknown}
 m - a potion of berserk rage {unknown}
 n - a potion of ambrosia {unknown}
 o - a potion of mutation {unknown}
 q - a potion of degeneration {unknown}
 r - a potion of brilliance {unknown}


   Skills:
 + Level 7.7 Fighting
 + Level 8.1 Ranged Weapons
 - Level 2.1 Dodging
 - Level 0.7 Stealth


You had 6 spell levels left.
You didn't know any spells.
Your spell library contained the following spells:

 Spells                   Type           Power      Damage    Failure   Level
 Shock                    Conj/Air       0%         1d3       91%         1
 Ensorcelled Hibernation  Hex/Ice        0%         N/A       97%         2
 Spider Form              Tmut/Pois      0%         N/A       99%         3
 Swiftness                Air            0%         N/A       99%         3
 Tukima's Dance           Hex            0%         N/A       99%         3
 Airstrike                Air            0%         2d(0-16)  100%        4
 Anguish                  Hex/Necr       0%         N/A       100%        4
 Passage of Golubria      Tloc           0%         N/A       100%        4
 Yara's Violent Unravell  Hex/Tmut       0%         3d3       100%        5


Dungeon Overview and Level Annotations

Branches:
Dungeon (5/15)
 Temple: D:4-7

Altars:
Uskayaw
Vehumet

Shops:
D:1 ?

Annotations:
D:3 1 runed translucent door, Radix's ghost, amateur GrEE
D:4 exclusion: statue
D:5 2 transporters, TheSexyCheese's ghost, novice MiFi


Innate Abilities, Weirdness & Mutations

You have a pair of horns on your head.
You reflexively headbutt those who attack you in melee.


Message History

You shoot an arrow. The arrow completely misses the gnoll.
A gnoll comes into view. It is wielding a +0 flail.
The gnoll closely misses you. The gnoll barely misses you.
You furiously retaliate!
You headbutt the gnoll! You shoot an arrow. The gnoll shouts!
The arrow hits the gnoll!
You kill the gnoll!
The gnoll hits you from afar with a +0 spear.
You shoot an arrow. The arrow hits the gnoll!
You kill the gnoll!
You shoot an arrow. The arrow hits the ogre!
The ogre is moderately wounded.
The gnoll hits you but does no damage.
You shoot an arrow. The arrow hits the ogre.
The ogre is heavily wounded.
The gnoll hits you from afar with a +0 spear.
The ogre closely misses you.
You shoot an arrow. The arrow hits the ogre.
The ogre is heavily wounded.
The gnoll barely misses you.
The gnoll throws a throwing net.
The throwing net hits you.
You become entangled in the net!
The ogre hits you with a +0 giant spiked club!!
The gnoll hits you from afar with a +0 spear.
You are held in a net!
You are held in a net!
You are held in a net!
Unknown command.
You tear a large gash into the net.
The gnoll hits you from afar with a +0 spear!
The gnoll hits you with a +0 flail!
* * * LOW HITPOINT WARNING * * *
The ogre closely misses you.
Unknown command.
You struggle against the net.
The gnoll hits you but does no damage. The gnoll barely misses you.
Unknown command.
You struggle against the net.
The ogre hits you with a +0 giant spiked club!!
You die...

....................
........................
........................
#......>................
###.....................
###...................
##............g....!
##..........g.......
............@O...!.. #
.................... .
........##.......... .
.......####...###### .
....... #..## .####.#
#..# ## #.## #.# ...


You could see an ogre and 2 gnolls.

Vanquished Creatures
  3 ogres
  2 black bears (D:4)
  A necrophage (D:2)
  A scorpion (D:5)
  An orc priest (D:3)
  An orc wizard (D:4)
  3 iguanas
  2 gnolls (D:5)
  4 adders
  An ufetubus (D:4)
  3 worms
  4 dart slugs
  7 orcs
  4 bats
  6 endoplasms
  3 giant cockroaches
  4 goblins
  11 hobgoblins
  3 jackals (D:2)
  10 kobolds
  2 quokkas
  5 ball pythons
  4 frilled lizards
  8 rats
93 creatures vanquished.

Notes
Turn   | Place    | Note
-------+----------+-------------------------------------------
     0 | D:1      | safid the Minotaur Hunter began the quest for the Orb.
     0 | D:1      | Reached XP level 1. HP: 18/18 MP: 0/0
    86 | D:1      | Found a faded altar of an unknown god.
    91 | D:1      | Reached XP level 2. HP: 25/25 MP: 1/1
   416 | D:1      | Found Hoimiz's Magic Scroll Boutique.
   430 | D:1      | Bought a scroll of identify for 22 gold pieces
   556 | D:1      | Reached skill level 5 in Ranged Weapons
   556 | D:1      | Reached XP level 3. HP: 31/31 MP: 2/2
  1028 | D:2      | Noticed a necrophage
  1035 | D:2      | Killed a necrophage
  1036 | D:2      | Reached XP level 4. HP: 33/41 MP: 3/3
  1238 | D:2      | Reached XP level 5. HP: 47/47 MP: 4/4
  1424 | D:3      | Found a runed translucent door.
  1444 | D:3      | Noticed Radix's ghost (amateur GrEE)
  1450 | D:3      | Reached skill level 5 in Fighting
  1537 | D:3      | Reached skill level 6 in Ranged Weapons
  1781 | D:3      | Found a hide-covered altar of Uskayaw.
  1970 | D:4      | Noticed a black bear
  1979 | D:4      | Killed a black bear
  1980 | D:4      | Reached XP level 6. HP: 31/57 MP: 5/5
  2289 | D:3      | Reached skill level 7 in Ranged Weapons
  2629 | D:4      | Found a radiant altar of Vehumet.
  3242 | D:4      | Reached XP level 7. HP: 37/66 MP: 6/6
  3605 | D:5      | Entered Level 5 of the Dungeon
  3683 | D:5      | Found a transporter.
  3685 | D:5      | Noticed a yak
  3689 | D:5      | Noticed TheSexyCheese's ghost (novice MiFi)
  3831 | D:5      | Reached skill level 8 in Ranged Weapons
  4016 | D:5      | Found a transporter.
  4045 | D:5      | Slain by an ogre

Illustrated notes

Levels and vault maps discovered:
D:1:      dpeg_arrival_pits, layout_rooms, serial_shops,
          nicolae_shop_window_shopping, basic_ecumenical_altar, st_stairs_8
D:2:      layout_loops_ring
D:3:      layout_rooms, mainiacjoe_overflow_brackets, ebering_ghost_sewer_d
D:4:      layout_loops_cross, vehumet_statue
D:5:      layout_layer_cave, nicolae_ru_path_of_blood, gammafunk_ghost_arena,
          hellmonk_bongcloud_opening, serial_bayou_pond_a, minmay_misc_feat_x,
          roderic_roman_lattice, dreamdust_princess_bridge

Skill      XL: |  1  2  3  4  5  6  7 |
---------------+----------------------+-----
Fighting       | 3 4 5 7 |  7.7
Ranged Weapons | 5 6 7 8 |  8.1
Dodging        | |  2.1
Stealth        | |  0.7

Action                   |  1- 3 |  4- 6 |  7- 9 || total
-------------------------+-------+-------+-------++-------
 Fire: Shortbow          |   106 |   144 |    41 ||   291
  Use: Potion            |       |       |     1 ||     1
Armor: Leather armour    |     4 |       |       ||     4
       Scale mail        |     1 |    48 |     4 ||    53
Dodge: Dodged            |    30 |    62 |    17 ||   109
